 Dungeon Crawl Stone Soup version 0.24.0-13-gcf9b319 (webtiles) character file.

Game seed: 17196882939297578789, levelgen mode: deterministic

79144 0gre the Bludgeoner (level 15, 0/139 HPs)
             Began as a Minotaur Berserker on Feb 20, 2020.
             Was the Champion of Trog.
             Slain by a dire elephant (9 damage)
             ... on level 15 of the Dungeon on Feb 21, 2020.
             The game lasted 02:16:34 (19764 turns).

0gre the Bludgeoner (Minotaur Berserker)           Turns: 19764, Time: 02:16:34

Health: 0/139      AC: 20    Str: 33    XL:     15   Next: 20%
Magic:  14/14      EV:  8    Int:  6    God:    Trog [******]
Gold:   1807       SH:  0    Dex: 16    Spells: 14/14 levels left

rFire    + + .     SeeInvis .   a - +5 dire flail (crush)
rCold    . . .     Gourm    +   (shield currently unavailable)
rNeg     + . .     Faith    .   A - +1 scale mail of Erawo {Str+4 Stlth+}
rPois    +         Spirit   .   m - +1 hat
rElec    +         Reflect  .   v - +1 cloak
rCorr    .         Harm     .   M - +2 pair of gloves {Str+3}
MR       +....                  E - +2 pair of boots
Stlth    ++++......             B - amulet of the gourmand
HPRegen  0.33/turn              P - ring of Qusiagho {rPois rF+ rN+ Int+2 Stlth+}
MPRegen  0.14/turn              y - ring of Gluttony {rElec rF+ Str+2 Int-2 Dex+2}

@: lethally poisoned (0 -> -3), marked, held
A: retaliatory headbutt, horns 2, thin skeletal structure 1, electricity
resistance
a: Berserk, Trog's Hand, Brothers in Arms, Renounce Religion


You were on level 15 of the Dungeon.
You worshipped Trog.
Trog was exalted by your worship.
You were very full.

You visited 2 branches of the dungeon, and saw 21 of its levels.
You also visited: Ossuary.

You collected 3290 gold pieces.
You spent 1483 gold pieces at shops.

Inventory:

Hand Weapons
 a - a +5 dire flail of crushing (weapon)
 b - a +5 longbow
 c - the +9 mace of Untimely Demise {speed, *Drain Int+5 Dex+9}
   (You found it on level 4 of the Dungeon)

   Attacks with this weapon are significantly faster.
   It affects your intelligence (+5).
   It affects your dexterity (+9).
   It causes draining when unequipped.
 d - the +6 shillelagh "Devastator" {shatter}
   (You found it on level 4 of the Dungeon)
Missiles
 f - 79 poisoned darts
 o - 212 arrows
 Y - 18 boomerangs (quivered)
Armour
 m - a +1 hat (worn)
 v - a +1 cloak (worn)
 A - the +1 scale mail of Erawo (worn) {Str+4 Stlth+}
   (You found it on level 6 of the Lair of Beasts)

   It affects your strength (+4).
   It makes you more stealthy.
 E - a +2 pair of boots (worn)
 I - +0 ice dragon scales
 M - a +2 pair of gloves of strength (worn)
 X - a +0 pair of boots of stealth
Jewellery
 h - an uncursed ring of protection from cold
 k - a +2 ring of evasion
 y - the ring of Gluttony (right hand) {rElec rF+ Str+2 Int-2 Dex+2}
   (You found it on level 3 of the Lair of Beasts)

   [ring of intelligence]

   It affects your strength (+2).
   It affects your intelligence (-2).
   It affects your dexterity (+2).
   It protects you from fire.
   It insulates you from electricity.
 z - an uncursed amulet of magic regeneration
 B - an amulet of the gourmand (around neck)
 K - an uncursed ring of wizardry
 N - an uncursed ring of fire
 P - the ring of Qusiagho (left hand) {rPois rF+ rN+ Int+2 Stlth+}
   (You acquired it on level 12 of the Dungeon)

   [ring of poison resistance]

   It affects your intelligence (+2).
   It protects you from fire.
   It protects you from poison.
   It protects you from negative energy.
   It makes you more stealthy.
 Z - an uncursed ring of see invisible
Wands
 i - a wand of scattershot (7)
 H - a wand of digging (11)
 J - a wand of iceblast (16)
 Q - a wand of flame (15)
 R - a wand of acid (13)
 T - a wand of paralysis (23)
 U - a wand of polymorph (16)
Scrolls
 e - 16 scrolls of teleportation
 j - 13 scrolls of remove curse
 w - 3 scrolls of magic mapping
 L - 2 scrolls of blinking
Potions
 l - 10 potions of curing
 n - a potion of magic {unknown}
 p - 2 potions of mutation
 q - 3 potions of agility
 s - a potion of cancellation
 t - a potion of invisibility {unknown}
 u - a potion of heal wounds
 C - 2 potions of flight
 D - 3 potions of might
 G - 2 potions of lignification
 O - 2 potions of ambrosia
 S - 2 potions of resistance
 V - 2 potions of brilliance
Miscellaneous
 g - a lightning rod (4/4)
 W - a lightning rod (4/4)
Comestibles
 x - 40 rations
 F - 14 chunks of flesh


   Skills:
 + Level 14.4 Fighting
 + Level 15.1 Maces & Flails
   Level 6.8(8.3) Slings
 + Level 14.9 Bows
   Level 2.8 Crossbows
 + Level 6.7(7.9) Throwing
 + Level 10.3 Armour
 + Level 8.5 Dodging
 + Level 4.5 Stealth
 + Level 0.6 Evocations


You had 14 spell levels left.
You didn't know any spells.
Your spell library contained the following spells:

 Spells                   Type           Power        Failure   Level  Hunger
 Animate Skeleton         Necr           N/A          65%         1    ##.....
 Apportation              Tloc           #.....       65%         1    ##.....
 Confusing Touch          Hex            #.....       65%         1    ##.....
 Freeze                   Ice            #...         65%         1    ##.....
 Infusion                 Chrm           #...         65%         1    ##.....
 Magic Dart               Conj           #...         65%         1    ##.....
 Sting                    Conj/Pois      #...         65%         1    ##.....
 Summon Small Mammal      Summ           #...         65%         1    ##.....
 Blink                    Tloc           N/A          78%         2    ###....
 Call Imp                 Summ           #.......     78%         2    ###....
 Poisonous Vapours        Pois/Air       #.....       78%         2    ###....
 Searing Ray              Conj           #.....       78%         2    ###....
 Shroud of Golubria       Chrm/Tloc      #.....       78%         2    ###....
 Slow                     Hex            #.......     78%         2    ###....
 Song of Slaying          Chrm           #.......     78%         2    ###....
 Throw Frost              Conj/Ice       #.....       78%         2    ###....
 Conjure Flame            Conj/Fire      #.......     95%         3    ####...
 Dazzling Spray           Conj/Hex       #.....       95%         3    ####...
 Mephitic Cloud           Conj/Pois/Air  #.......     95%         3    ####...
 Ozocubu's Armour         Chrm/Ice       #.......     95%         3    ####...
 Regeneration             Chrm/Necr      #.........   95%         3    ####...
 Spectral Weapon          Hex/Chrm       #.......     95%         3    ####...
 Cause Fear               Hex            #.........   100%        4    #####..
 Force Lance              Conj/Tloc      #.......     100%        4    #####..
 Fulminant Prism          Conj/Hex       #.........   100%        4    #####..
 Iskenderun's Mystic Bla  Conj           #.......     100%        4    #####..
 Olgreb's Toxic Radiance  Pois           #.......     100%        4    #####..
 Summon Ice Beast         Ice/Summ       #.......     100%        4    #####..
 Throw Icicle             Conj/Ice       #.......     100%        4    #####..
 Silence                  Hex/Air        #.........   100%        5    ######.
 Venom Bolt               Conj/Pois      #.........   100%        5    ######.
 Yara's Violent Unravell  Hex/Tmut       #.........   100%        5    ######.
 Deflect Missiles         Chrm/Air       #.........   100%        6    #######
 Discord                  Hex            #.........   100%        8    #######


Dungeon Overview and Level Annotations

Branches:
Dungeon (15/15)            Temple (0/1) D:6            Lair (6/6) D:8
  Swamp (0/4) Lair:4        Snake (0/4) Lair:3        Slime (0/5) Lair:6
    Orc (0/2) D:9          Vaults (0/5) D:13        Ossuary (visited)
 Depths: D:15

Altars:
Ashenzari
Elyvilon
Hepliaklqana
Ru
Sif Muna
Uskayaw
Vehumet
Xom
Zin
Beogh
Jiyva

Shops:
D:5 [   D:8 [[%(}   D:12 *


Innate Abilities, Weirdness & Mutations

You reflexively headbutt those who attack you in melee.
You have a pair of horns on your head.
You have a somewhat thin skeletal structure. (Dex +2, Stealth)
You are resistant to electric shocks. (rElec)


Message History

The dire elephant is lightly wounded.
The merfolk hits you but does no damage.
a - a +5 dire flail of crushing (weapon)
You feel sick.
The dire elephant tramples you but does no damage.
The dire elephant trunk-slaps you but does no damage.
You hit the dire elephant but do no damage.
You headbutt the dire elephant, but do no damage.
The dire elephant is lightly wounded.
The merfolk hits you but does no damage.
You hit the dire elephant.
The dire elephant is lightly wounded.
You feel sick. The dire elephant tramples you!!
* * * LOW HITPOINT WARNING * * *
You stumble backwards!
The merfolk throws a throwing net.
The throwing net hits you.
You become entangled in the net!
You struggle against the net.
You feel sick.
The dire elephant tramples you but does no damage.
The dire elephant trunk-slaps you!
You die...

#.......# #.......#
#.......# #.......#
##.......#################
..................†...[...
..................$)......
.................Y.m......
................@.........
.......<..........########
##.......##########
#.......# #.......#
#.......# #.......#
#.......# #.......#


You could see a dire elephant and a merfolk.

Vanquished Creatures
  An acid blob (Lair:6)
  An ironheart preserver (D:13)
  The ghost of Oluanan the Fighter, a journeyman DsFi of Hepliaklqana (Lair:3)
  2 dire elephants (Lair:6)
  Snorg (D:13)
  A fire dragon (D:15)
  Fannar (Lair:1)
  8 hydras
  An ice dragon (Lair:6)
  A death knight (D:9)
  A two-headed ogre (D:13)
  2 catoblepae (Lair:6)
  15 death yaks (Lair:6)
  2 unseen horrors
  A swamp dragon (Lair:4)
  Pikel (D:9)
  6 lindwurms
  2 cyclopes
  A wolf spider (D:15)
  A salamander (D:15)
  3 ugly things
  A salamander (shapeshifter) (D:13)
  A deep elf mage (D:12)
  3 manticores
  9 centaur zombies
  3 elephants (Lair:4)
  3 black mambas
  12 spiny frogs
  5 torpor snails (Lair:6)
  A freezing wraith (D:15)
  A kobold demonologist (D:13)
  5 rime drakes
  5 komodo dragons
  2 polar bears (Lair:6)
  6 trolls
  A meliai (D:9)
  4 tyrant leeches (Lair:6)
  8 hornets
  14 slime creatures
  13 hippogriffs
  2 dream sheep (Lair:6)
  A shadow (D:11)
  28 yaks
  2 vampires
  3 wyverns
  A wraith (D:15)
  5 basilisks
  Menkaure (D:6)
  2 hungry ghosts
  An acid dragon (D:12)
  4 nagas (Lair:3)
  2 soldier ants (D:8)
  10 water moccasins
  10 porcupines
  7 sky beasts
  A hornet zombie (D:6)
  2 ice beasts
  8 orc warriors
  4 phantoms
  2 black bears (D:9)
  4 eyes of draining
  10 ogres
  A boggart (shapeshifter) (D:15)
  15 wolves
  13 centaurs
  7 big kobolds
  9 crocodiles
  18 bullfrogs
  2 wyvern zombies
  A water moccasin zombie (D:5)
  A wyvern skeleton (D:6)
  9 scorpions
  9 killer bees (D:10)
  4 howler monkeys
  16 wights
  7 electric eels
  7 crimson imps
  A quasit (D:6)
  4 centaur skeletons
  13 hounds
  14 orc wizards
  4 bullfrog skeletons
  Crazy Yiuf (D:4)
  7 jellies
  7 orc priests
  5 iguanas
  18 worker ants
  A killer bee zombie (D:9)
  9 mummies
  A worker ant zombie (D:9)
  2 hound skeletons
  A howler monkey skeleton (D:9)
  4 gnolls (D:5)
  13 adders
  5 shadow imps
  4 oozes
  An adder skeleton (D:9)
  An adder zombie (D:6)
  5 worms
  3 dart slugs
  3 leopard geckos
  56 orcs
  3 ball pythons
  4 bats
  6 giant cockroaches
  10 goblins
  8 hobgoblins
  8 jackals
  7 quokkas
  4 frilled lizards
  2 gnoll zombies (Ossuary)
  A hobgoblin zombie (Ossuary)
  2 jackal skeletons
  33 kobolds
  3 kobold zombies (Ossuary)
  A leopard gecko skeleton (D:4)
  2 orc zombies (Ossuary)
  9 rats
  A bush (Lair:6)
  9 fungi
  3 plants
678 creatures vanquished.

Vanquished Creatures (others)
  A troll (D:15)
  A slave (D:9)
  A howler monkey zombie (D:9)
  An adder (D:10)
  8 fungi
  21 plants
33 creatures vanquished.

Grand Total: 711 creatures vanquished

Notes
Turn   | Place    | Note
-------+----------+-------------------------------------------
     0 | D:1      | 0gre the Minotaur Berserker began the quest for the Orb.
     0 | D:1      | Reached XP level 1. HP: 19/19 MP: 0/0
   112 | D:1      | Reached XP level 2. HP: 23/27 MP: 1/1
   113 | D:1      | Reached skill level 4 in Maces & Flails
   198 | D:1      | Reached XP level 3. HP: 25/33 MP: 2/2
   233 | D:1      | Reached ** piety under Trog
  1113 | D:2      | Reached XP level 4. HP: 36/41 MP: 3/3
  1146 | D:2      | Reached skill level 1 in Throwing
  1263 | D:2      | Reached skill level 5 in Maces & Flails
  1296 | D:2      | Found a shattered altar of Ashenzari.
  1664 | D:3      | Reached *** piety under Trog
  1707 | D:3      | Reached XP level 5. HP: 42/47 MP: 4/4
  1800 | D:3      | Found a glowing silver altar of Zin.
  1963 | D:4      | Noticed an ogre
  1975 | D:4      | Killed an ogre
  1975 | D:4      | Reached skill level 5 in Fighting
  1975 | D:4      | Reached XP level 6. HP: 31/56 MP: 5/5
  1980 | D:4      | Reached skill level 6 in Maces & Flails
  2443 | D:4      | Found a sand-covered staircase.
  2446 | D:4      | Reached XP level 7. HP: 52/61 MP: 6/6
  2450 | Ossuary  | Entered an ossuary
  2472 | Ossuary  | Reached **** piety under Trog
  2502 | Ossuary  | Reached skill level 7 in Maces & Flails
  2985 | D:4      | Found a runed translucent door.
  2986 | D:4      | Noticed Crazy Yiuf
  2987 | D:4      | Found the +6 shillelagh "Devastator" {shatter}
  2987 | D:4      | Got a shimmering mace
  2990 | D:4      | Identified the +9 mace of Untimely Demise {speed, *Drain
                  | Int+5 Dex+9} (You found it on level 4 of the Dungeon)
  2996 | D:4      | Killed Crazy Yiuf
  2996 | D:4      | Reached skill level 5 in Armour
  3106 | D:5      | Entered Level 5 of the Dungeon
  3212 | D:5      | Found Goeciukh's Armour Boutique.
  3233 | D:5      | Bought a +1 troll leather armour for 242 gold pieces
  3233 | D:5      | Bought a +0 pair of gloves for 49 gold pieces
  3396 | D:5      | Reached skill level 8 in Maces & Flails
  3412 | D:5      | Reached XP level 8. HP: 47/70 MP: 7/7
  3596 | D:5      | Bought a +2 pair of boots for 181 gold pieces
  4131 | D:6      | Reached skill level 9 in Maces & Flails
  4175 | D:6      | Reached skill level 1 in Slings
  4175 | D:6      | Reached skill level 1 in Stealth
  4218 | D:6      | Found a staircase to the Ecumenical Temple.
  4341 | D:6      | Reached XP level 9. HP: 69/78 MP: 8/8
  4626 | D:6      | Noticed Menkaure
  4628 | D:6      | Identified the +3 robe of Makhleb's Pride {rPois rF+
                  | Stlth+}
  4629 | D:6      | Killed Menkaure
  4639 | D:6      | You fall into a shaft and drop 2 floors!
  4642 | D:8      | Reached skill level 10 in Maces & Flails
  4825 | D:7      | Noticed a +0 hand axe
  4826 | D:7      | Found a hide-covered altar of Uskayaw.
  4826 | D:7      | Noticed a +0 hand axe
  4843 | D:7      | Gained mutation: You are resistant to electric shocks.
                  | (rElec) [potion of mutation]
  4843 | D:7      | Gained mutation: You have a somewhat thin skeletal
                  | structure. (Dex +2, Stealth) [potion of mutation]
  4918 | D:7      | Reached skill level 5 in Throwing
  4948 | D:7      | Identified a scroll of acquirement
  4955 | D:7      | Got a scintillating turquoise ring
  4956 | D:7      | Identified the ring of Fanlepen {rPois rF+ MR+ Str+4 Int+3
                  | Slay-4} (You acquired it on level 7 of the Dungeon)
  5065 | D:7      | Found a shimmering altar of Xom.
  5073 | D:7      | Found a sacrificial altar of Ru.
  5616 | D:8      | Found a white marble altar of Elyvilon.
  5660 | D:8      | Reached ***** piety under Trog
  5678 | D:8      | Found a hazy altar of Hepliaklqana.
  5684 | D:8      | Found a staircase to the Lair.
  5694 | D:8      | Found Nureikh's Antique Weapon Emporium.
  5754 | D:8      | Found Ykhouvun's Food Emporium.
  5759 | D:8      | Noticed a purple ugly thing
  5772 | D:8      | Killed a purple ugly thing
  5772 | D:8      | Reached skill level 11 in Maces & Flails
  5772 | D:8      | Reached skill level 5 in Dodging
  5772 | D:8      | Reached XP level 10. HP: 71/86 MP: 9/9
  5790 | D:8      | Received a gift from Trog
  5823 | D:8      | Found Paudo's Antique Armour Boutique.
  5875 | D:8      | Found Berun's Armour Boutique.
  5929 | D:8      | Paralysed by a hornet for 3 turns
  5933 | D:8      | Reached skill level 5 in Slings
  6038 | D:8      | Found Qogast's Gadget Boutique.
  6254 | D:8      | Bought a hand crossbow for 94 gold pieces
  6264 | Lair:1   | Entered Level 1 of the Lair of Beasts
  6280 | Lair:1   | Noticed Fannar
  6285 | Lair:1   | Reached skill level 1 in Crossbows
  6302 | Lair:1   | Killed Fannar
  6302 | Lair:1   | Reached skill level 12 in Maces & Flails
  6401 | Lair:1   | Noticed a spiny frog
  6406 | Lair:1   | Killed a spiny frog
  6956 | Lair:2   | Reached XP level 11. HP: 82/97 MP: 10/10
  6970 | Lair:2   | Noticed a seven-headed hydra
  6975 | Lair:2   | Killed a seven-headed hydra
  7407 | Lair:2   | Received a gift from Trog
  7407 | Lair:2   | Reached skill level 13 in Maces & Flails
  7805 | D:8      | Bought a glowing hat for 175 gold pieces
  7926 | Lair:3   | Noticed a lindwurm
  7927 | Lair:3   | Reached skill level 1 in Bows
  7944 | Lair:3   | Noticed a lindwurm
  7963 | Lair:3   | Killed a lindwurm
  8000 | Lair:3   | Noticed a lindwurm
  8000 | Lair:3   | Noticed a lindwurm
  8039 | Lair:3   | Killed a lindwurm
  8042 | Lair:3   | Killed a lindwurm
  8046 | Lair:3   | Killed a lindwurm
  8086 | Lair:3   | Got a wavering marble ring
  8095 | Lair:3   | Identified the cursed ring of Gluttony {rElec rF+ Str+2
                  | Int-2 Dex+2} (You found it on level 3 of the Lair of
                  | Beasts)
  8465 | Lair:3   | Reached skill level 10 in Fighting
  8555 | Lair:3   | Found a runed translucent door.
  8556 | Lair:3   | Noticed Oluanan's ghost (journeyman DsFi)
  8561 | Lair:3   | Noticed a six-headed hydra
  8571 | Lair:3   | Killed a six-headed hydra
  8571 | Lair:3   | Reached skill level 5 in Bows
  8584 | Lair:3   | Killed Oluanan's ghost
  8584 | Lair:3   | Reached XP level 12. HP: 79/107 MP: 11/11
  8667 | Lair:3   | Found a staircase to the Snake Pit.
  8893 | Lair:4   | Noticed a six-headed hydra
  8899 | Lair:4   | Killed a six-headed hydra
  8986 | Lair:4   | Found a staircase to the Swamp.
  9219 | D:8      | Bought a pair of embroidered gloves for 187 gold pieces
  9463 | Lair:4   | Reached skill level 14 in Maces & Flails
  9957 | Lair:5   | You fall into a shaft and drop 1 floor!
  9957 | Lair:6   | Entered Level 6 of the Lair of Beasts
 10001 | Lair:6   | Got a steaming scale mail
 10012 | Lair:6   | Identified the cursed +1 scale mail of Erawo {Str+4 Stlth+}
                  | (You found it on level 6 of the Lair of Beasts)
 10068 | Lair:6   | Noticed a death yak
 10074 | Lair:6   | Killed a death yak
 10075 | Lair:6   | Noticed a death yak
 10075 | Lair:6   | Noticed a death yak
 10079 | Lair:6   | Noticed a death yak
 10080 | Lair:6   | Noticed a death yak
 10080 | Lair:6   | Noticed a death yak
 10081 | Lair:6   | Killed a death yak
 10081 | Lair:6   | Noticed a death yak
 10092 | Lair:6   | Killed a death yak
 10092 | Lair:6   | Killed a death yak
 10092 | Lair:6   | Reached skill level 10 in Bows
 10092 | Lair:6   | Killed a death yak
 10096 | Lair:6   | Killed a death yak
 10097 | Lair:6   | Reached XP level 13. HP: 54/116 MP: 12/12
 10380 | Lair:6   | Found a runed translucent door.
 10380 | Lair:6   | Found a viscous altar of Jiyva.
 10380 | Lair:6   | Found a staircase to the Slime Pits.
 10380 | Lair:6   | Noticed an acid blob
 10392 | Lair:6   | Killed an acid blob
 10756 | Lair:6   | Received a gift from Trog
 11296 | Lair:6   | Noticed a dire elephant
 11314 | Lair:6   | Killed a dire elephant
 11378 | Lair:6   | Noticed a dire elephant
 12059 | Lair:6   | Found a runed translucent door.
 12170 | Lair:6   | Received a gift from Trog
 12272 | Lair:6   | Reached XP level 14. HP: 31/127 MP: 13/13
 12675 | Lair:6   | Paralysed by a hornet for 3 turns
 13931 | D:9      | Identified the +2 leather armour of Jiaxen {rElec}
 14108 | D:9      | Received a gift from Trog
 14332 | D:9      | Received a gift from Trog
 14344 | D:9      | Noticed Pikel
 14349 | D:9      | Killed Pikel
 14590 | D:9      | Found a staircase to the Orcish Mines.
 14613 | D:9      | Reached ****** piety under Trog
 14719 | D:9      | Found a shimmering blue altar of Sif Muna.
 14967 | D:10     | Entered Level 10 of the Dungeon
 15061 | D:10     | Received a gift from Trog
 15573 | D:8      | Bought a pair of runed boots for 187 gold pieces
 15876 | D:10     | Found a radiant altar of Vehumet.
 16173 | D:11     | Reached skill level 10 in Armour
 16831 | D:12     | Found Domy's Elemental Accessories.
 16840 | D:12     | Bought a wand of digging (4) for 176 gold pieces
 16856 | D:12     | Received a gift from Trog
 17147 | D:12     | Received a gift from Trog
 17342 | D:12     | Got a brightly glowing steel ring
 17344 | D:12     | Identified the ring of Qusiagho {rPois rF+ rN+ Int+2
                  | Stlth+} (You acquired it on level 12 of the Dungeon)
 17501 | D:8      | Bought a wand of iceblast (12) for 192 gold pieces
 18131 | D:13     | Found a gate to the Vaults.
 18131 | D:13     | Noticed an ironheart preserver
 18144 | D:13     | Killed an ironheart preserver
 18144 | D:13     | Received a gift from Trog
 18144 | D:13     | Reached skill level 15 in Maces & Flails
 18239 | D:13     | Noticed Snorg
 18252 | D:13     | Killed Snorg
 18994 | D:14     | Reached XP level 15. HP: 138/138 MP: 14/14
 19235 | D:14     | Found a roughly hewn altar of Beogh.
 19414 | D:15     | Entered Level 15 of the Dungeon
 19764 | D:15     | Slain by a dire elephant

Levels and vault maps discovered:
D:1:      roderic_crop_circles_arrival_small, layout_basic
D:2:      layout_basic, old_standard_altar, first_ration, minmay_pentomino_x2
D:3:      layout_rooms, lemuel_tele_altar
D:4:      layout_rooms, gup_ossuary_entry_pyramid, uniq_crazy_yiuf_cottage
D:5:      layout_basic, serial_shops, shop
D:6:      layout_basic, minmay_temple_entry_statues_pillars, uniq_menkaure
D:7:      layout_cave_pools, grunt_temple_overflow_open, dancing_weapons_uskayaw
D:8:      layout_basic, lemuel_crystal_altar, lair_entry_dummy, serial_shops,
          nicolae_shop_window_shopping, shop, nicolae_shop_behind_doors,
          nicolae_shop_behind_doors, shop, hangedman_pestilent_swarm,
          elyvilon_altar_4
D:9:      minmay_the_grid_square_5x5_4x4 [minmay_the_grid_square_5x5_v,
          minmay_the_grid_square_5x5_mess,
          minmay_the_grid_square_5x5_beaten_path,
          minmay_the_grid_square_5x5_inverted_slash,
          minmay_the_grid_square_5x5_plus,
          minmay_the_grid_square_5x5_prize_itemx,
          minmay_the_grid_square_5x5_prize_pseudospiral,
          minmay_the_grid_square_5x5_slash, minmay_the_grid_square_5x5_shuriken,
          minmay_the_grid_square_5x5_prize_gold,
          minmay_the_grid_square_5x5_prize_snowflake,
          minmay_the_grid_square_5x5_dogpile,
          minmay_the_grid_square_5x5_hourglass,
          minmay_the_grid_square_5x5_three_walls,
          minmay_the_grid_square_5x5_seven,
          minmay_the_grid_square_5x5_misaligned], layout_basic, led_sif_book,
          david_orc_2, lightli_orcish_oven, uniq_pikel
D:10:     layout_basic, basic_altar
D:11:     layout_roguey
D:12:     layout_gridville, nicolae_elemental_shop
D:13:     layout_long_grid, skrybe_vaults_entry_preservation, uniq_snorg
D:14:     layout_small_grid, palyth_stone_intersect, david_defended_altar_orc,
          uniq_nessos
D:15:     hangedman_depths_entry_try_elsewhere_first, layout_cross,
          minmay_misc_feat_square
Lair:1:   layout_gridlike, serial_bayou, serial_bayou_pond_c,
          serial_bayou_lagoon_a, serial_bayou_ford_a, serial_bayou_pond_d,
          uniq_fannar
Lair:2:   layout_misc_corridors, beast_lair_carwin_3, grunt_megastairs_2
Lair:3:   layout_cave_pods, minmay_snake_entry_guardpost_medium,
          ebering_ghost_inner_flame, nicolae_quartered_pool_medium,
          minmay_lindwurm_lava
Lair:4:   layout_long_grid, minmay_swamp_entry_reptiles
Lair:5:   layout_loops_ring, chequers_serial_rivers_micro_d,
          serial_bayou_pond_b, infiniplex_staircase_pool, serial_bayou_shore_b,
          grunt_megastairs_4, lemuel_fruit_tree
Lair:6:   wormcave, layout_small_grid, hangedman_lair_in_review, slime_altar_2,
          small_statue_intersection, lookout_lair_type

Skill      XL: |  1  2  3  4  5  6  7  8  9 10 11 12 13 14 |
---------------+-------------------------------------------+-----
Maces & Flails | 4 5 6 8 9 11 12 13 14 15 | 15.1
Fighting       | 4 5 6 7 9 10 11 12 14 | 14.4
Throwing       | 1 2 3 5 6 |  6.7
Armour         | 3 4 5 6 7 9 10 | 10.3
Dodging        | 3 4 5 6 7 8 |  8.5
Slings         | 2 4 6 |  6.8
Stealth        | 1 2 3 4 |  4.5
Crossbows      | 2 |  2.8
Bows           | 5 10 12 14 | 14.9
Evocations     | |  0.6

Action                   |  1- 3 |  4- 6 |  7- 9 | 10-12 | 13-15 || total
-------------------------+-------+-------+-------+-------+-------++-------
Melee: Mace              |    64 |    91 |     4 |       |       ||   159
       Headbutt          |    18 |    21 |    35 |    51 |   162 ||   287
       Flail             |       |    24 |    47 |       |       ||    71
       Shillelagh        |       |       |   133 |   218 |   101 ||   452
       Dire flail        |       |       |       |       |   396 ||   396
 Fire: Hunting sling     |       |       |    28 |       |       ||    28
       Hand crossbow     |       |       |       |    10 |       ||    10
       Longbow           |       |       |       |   131 |   426 ||   557
Throw: Dart              |     9 |     2 |    20 |    11 |    14 ||    56
       Boomerang         |    16 |     7 |    10 |       |    13 ||    46
       Stone             |       |    18 |     9 |     2 |       ||    29
Invok: Berserk           |       |     1 |       |     1 |     2 ||     4
Evoke: Wand              |       |       |       |       |     3 ||     3
       Lightning rod     |       |       |       |       |     1 ||     1
  Use: Scroll            |       |     8 |    11 |     9 |    20 ||    48
       Potion            |       |       |     1 |     4 |     6 ||    11
 Stab: Distracted        |       |       |     1 |       |     3 ||     4
       Sleeping          |       |       |       |     1 |     4 ||     5
  Eat: Chunk             |     1 |     5 |    10 |    14 |    37 ||    67
       Ration            |       |       |       |       |     3 ||     3
Armor: Animal skin       |     6 |       |       |       |       ||     6
       Ring mail         |     4 |    32 |     5 |       |       ||    41
       Troll leather arm |       |       |    33 |    69 |       ||   102
       Scale mail        |       |       |       |     2 |   210 ||   212
       Ice dragon scales |       |       |       |       |     3 ||     3
Dodge: Dodged            |    28 |    70 |    99 |   159 |   396 ||   752
